Penguins vs Avalanche
Created - February 6, 2019 at 19:02
Goals
|
| Penguins |
2 |
0 |
1 |
3 |
| Avalanche |
0 |
1 |
0 |
1 |
|
Shots
|
| Penguins |
10 |
10 |
3 |
23 |
| Avalanche |
10 |
18 |
7 |
35 |
|
1st period
1. Penguins , Martin St. Louis 11 (Andrew Cogliano 29, Steven Stamkos 46) at 4:38
2. Penguins , Martin St. Louis 12 (Dion Phaneuf 23, Andrew Cogliano 30) at 11:59
Penalties :
Keith Aulie (Pit) for Hooking (Minor) at 4:53, Jacob Markstrom (Pit) for Slashing (Minor) at 16:10 - Eric Gryba served the penalty, Sam Gagner (Pit) for Tripping (Minor) at 18:45
2nd period
3. Avalanche , Patric Hornqvist 23 (Mikkel Boedker 33, Bryan Little 34) at 17:33
Penalties :
Duncan Keith (Pit) for Tripping (Minor) at 4:16, Keith Aulie (Pit) for Hooking (Minor) at 11:52
3rd period
4. Penguins , Sam Gagner 11 (Keith Aulie 18, Dustin Brown 26) at 15:42 (PP)
Penalties :
Paul Stastny (Col) for Slashing (Double Minor) at 8:42, Andrew Ladd (Col) for Hooking (Minor) at 14:33, Sean Zimmerman (Pit) for High sticking (Double Minor) at 16:13
Goalie Stats
Jacob Markstrom (Pit), 34 saves from 35 shots - (0.971), W, 14-20-6, 60:00 minutes
Roberto Luongo (Col), 20 saves from 23 shots - (0.870), L, 6-5-2, 60:00 minutes
Players Stats for Penguins
Player Name G A P +/- PIM S H SB GA TA FO MP PP MP PK MP
------------------------------------------------------------------------------------
Andrew Cogliano 0 2 2 2 0 1 2 0 0 2 0/0 16:46 2:08 1:35
Cal Clutterbuck 0 0 0 0 0 2 2 0 0 0 1/1 17:18 0:00 7:58
D.J King 0 0 0 -1 0 2 0 0 0 0 0/0 7:55 0:47 0:00
Dion Phaneuf 0 1 1 0 0 2 1 1 0 1 0/0 28:01 2:39 10:02
Duncan Keith 0 0 0 0 2 1 0 4 0 2 0/0 21:02 1:57 4:22
Dustin Brown 0 1 1 0 0 3 1 1 1 0 0/0 18:01 2:13 4:08
Eric Gryba 0 0 0 1 0 0 1 0 1 0 0/0 15:17 0:32 3:22
Keith Aulie 0 1 1 0 4 0 0 0 0 0 0/0 19:01 1:57 3:22
Loui Eriksson 0 0 0 0 0 1 2 0 0 0 0/0 13:43 2:13 0:00
Marcus Foligno 0 0 0 0 0 1 1 1 0 0 0/0 8:22 0:00 0:00
Martin St. Louis 2 0 2 2 0 3 2 0 0 0 0/2 15:03 2:07 0:00
Mika Zibanejad 0 0 0 0 0 1 0 0 0 0 0/3 11:02 0:45 1:40
Pascal Dupuis 0 0 0 -1 0 0 1 0 0 1 0/0 7:56 0:48 0:00
Paul Ranger 0 0 0 1 0 0 0 0 0 1 0/0 12:07 0:32 0:16
Riley Sheahan 0 0 0 -1 0 1 2 0 0 0 3/7 11:26 0:00 4:08
Sam Gagner 1 0 1 0 2 3 1 2 0 0 9/15 14:23 2:12 0:00
Sean Zimmerman 0 0 0 0 4 0 1 2 0 2 0/0 25:01 2:39 5:58
Steven Stamkos 0 1 1 2 0 2 3 0 0 1 16/28 23:50 2:11 7:53
Players Stats for Avalanche
Player Name G A P +/- PIM S H SB GA TA FO MP PP MP PK MP
------------------------------------------------------------------------------------
Alexander Radulov 0 0 0 0 0 1 0 0 0 0 1/1 16:33 4:56 0:00
Andrei Kostitsyn 0 0 0 0 0 3 2 1 1 1 0/0 18:05 4:56 1:32
Andrew Ladd 0 0 0 0 2 4 1 1 0 0 1/1 11:26 0:31 1:42
Bryan Little 0 1 1 -1 0 4 1 1 1 0 11/30 20:53 8:14 0:00
Chuck Kobasew 0 0 0 0 0 3 2 0 0 0 0/0 12:27 0:34 2:39
Damien Brunner 0 0 0 0 0 2 2 0 0 0 1/2 9:36 0:00 1:55
Dan Boyle 0 0 0 0 0 2 6 0 0 0 0/0 22:11 8:19 1:36
Jack Johnson 0 0 0 -2 0 1 2 0 0 0 0/0 19:04 0:04 2:51
Johnny Boychuk 0 0 0 0 0 1 0 1 0 0 0/0 13:33 0:04 1:57
Kyle Turris 0 0 0 0 0 0 0 0 0 0 3/4 9:12 0:00 1:31
Marc Staal 0 0 0 1 0 0 1 0 1 0 0/0 22:36 8:19 1:46
Matt Irwin 0 0 0 1 0 0 0 0 0 0 0/0 17:58 5:18 0:00
Maxim Talbot 0 0 0 0 0 1 2 0 0 0 4/5 10:11 0:00 0:57
Mikkel Boedker 0 1 1 -1 0 6 0 2 1 0 0/1 20:53 8:14 0:00
Patric Hornqvist 1 0 1 -1 0 3 0 2 3 0 0/1 20:50 8:11 0:00
Paul Stastny 0 0 0 0 4 1 0 0 0 0 6/11 16:32 4:56 0:00
Pernell Karl Subban 0 0 0 -2 0 1 1 0 2 1 0/0 24:38 5:18 2:06
Zach Boychuk 0 0 0 0 0 2 0 0 1 0 0/0 8:12 0:31 0:00
3 Stars
1 - Martin St. Louis (Pit)
2 - Jacob Markstrom (Pit)
3 - Andrew Cogliano (Pit)
Power Play
Penguins - 1 on 3 Attempt(s) - 33.33%
Avalanche - 0 on 7 Attempt(s) - 0.00%
Penalty Kill
Penguins - 7 on 7 Attempt(s) - 100.00%
- Score 0 goal in Penalty Kill
Avalanche - 2 on 3 Attempt(s) - 66.67%
- Score 0 goal in Penalty Kill
Team Stat
Penguins - Hits : 20 - Faceoff Wins : 29 - Blocked Shots : 11 - Penalty Minutes : 14
Avalanche - Hits : 20 - Faceoff Wins : 27 - Blocked Shots : 8 - Penalty Minutes : 6
Official
Referees : Unknown
Linesman : Unknown
Game Notes
No Game Note
Finance
Level 1 -- Attendance: 5695 (94.92%) -- Ticket Income $506,855
Level 2 -- Attendance: 4968 (99.36%) -- Ticket Income $273,240
Level 3 -- Attendance: 2000 (100.00%) -- Ticket Income $66,000
Level 4 -- Attendance: 3684 (92.10%) -- Ticket Income $84,732
Luxury Box -- Attendance: 731 (73.10%) -- Ticket Income $125,732
Game was played at the Pepsi Center.
Total Attendance: 17078 (94.88%)
Total Ticket Income: $1,056,559
Other Income: $158,484
Total Income: $1,215,043
Penguins
5 vs 5 Forward
Center Left Wing Right Wing Time % Phy DF OF
1 Steven Stamkos Andrew Cogliano Martin St. Louis 40 1 2 2
2 Sam Gagner Loui Eriksson Dustin Brown 30 1 2 2
3 Mika Zibanejad Marcus Foligno Cal Clutterbuck 20 1 2 2
4 Riley Sheahan D.J King Pascal Dupuis 10 1 2 2
5 vs 5 Defense
Defense Defense Time % Phy DF OF
1 Dion Phaneuf Sean Zimmerman 44 1 2 2
2 Duncan Keith Keith Aulie 33 1 2 2
3 Paul Ranger Eric Gryba 23 1 2 2
4 Dion Phaneuf Sean Zimmerman 0 1 2 2
PowerPlay Forward
Center Left Wing Right Wing Time % Phy DF OF
1 Steven Stamkos Andrew Cogliano Martin St. Louis 60 1 2 2
2 Sam Gagner Loui Eriksson Dustin Brown 40 1 2 2
PowerPlay Defense
Defense Defense Time % Phy DF OF
1 Dion Phaneuf Sean Zimmerman 60 1 2 2
2 Duncan Keith Keith Aulie 40 1 2 2
Penalty Kill 4 Players Forward
Center Wing Time % Phy DF OF
1 Steven Stamkos Cal Clutterbuck 60 1 2 2
2 Riley Sheahan Dustin Brown 40 1 2 2
Penalty Kill 4 Players Defense
Defense Defense Time % Phy DF OF
1 Dion Phaneuf Sean Zimmerman 60 1 2 2
2 Duncan Keith Keith Aulie 40 1 2 2
Penalty Kill - 3 Players Forward
Forward Time % Phy DF OF
1 Steven Stamkos 60 1 2 2
2 Riley Sheahan 40 1 2 2
Penalty Kill - 3 Players Defense
Defense Defense Time % Phy DF OF
1 Dion Phaneuf Sean Zimmerman 60 1 2 2
2 Duncan Keith Keith Aulie 40 1 2 2
4 vs 4 Forward
Center Wing Time % Phy DF OF
1 Steven Stamkos Andrew Cogliano 60 1 2 2
2 Sam Gagner Dustin Brown 40 1 2 2
4 vs 4 Defense
Defense Defense Time % Phy DF OF
1 Dion Phaneuf Sean Zimmerman 60 1 2 2
2 Duncan Keith Keith Aulie 40 1 2 2
Last Minutes Offensive
Center Left Wing Right Wing Defense Defense
Steven Stamkos Andrew Cogliano Martin St. Louis Dion Phaneuf Sean Zimmerman
Last Minutes Defensive
Center Left Wing Right Wing Defense Defense
Steven Stamkos Andrew Cogliano Dustin Brown Dion Phaneuf Sean Zimmerman
Goaltenders
Starting : Jacob Markstrom
Backup : Josh Tordjman
Extra Forwards
Normal : Steven Stamkos, Sam Gagner, Mika Zibanejad - PP : Steven Stamkos, Sam Gagner - PK : Cal Clutterbuck
Extra Defensemen
Normal : Dion Phaneuf, Keith Aulie, Eric Gryba - PP : Paul Ranger - PK : Dion Phaneuf, Eric Gryba
Penalty Shots
Steven Stamkos, Dustin Brown, Andrew Cogliano, Loui Eriksson, Mika Zibanejad
Scratches
Riley Armstrong (Healthy)
Avalanche
5 vs 5 Forward
Center Left Wing Right Wing Time % Phy DF OF
1 Bryan Little Mikkel Boedker Patric Hornqvist 35 1 2 2
2 Paul Stastny Andrei Kostitsyn Alexander Radulov 30 1 2 2
3 Maxim Talbot Andrew Ladd Chuck Kobasew 20 1 2 2
4 Kyle Turris Zach Boychuk Damien Brunner 15 1 2 2
5 vs 5 Defense
Defense Defense Time % Phy DF OF
1 Pernell Karl Subban Jack Johnson 40 1 2 2
2 Marc Staal Matt Irwin 30 1 2 2
3 Johnny Boychuk Dan Boyle 30 1 2 2
4 Marc Staal Pernell Karl Subban 0 1 2 2
PowerPlay Forward
Center Left Wing Right Wing Time % Phy DF OF
1 Bryan Little Mikkel Boedker Patric Hornqvist 60 1 2 2
2 Paul Stastny Andrei Kostitsyn Alexander Radulov 40 1 2 2
PowerPlay Defense
Defense Defense Time % Phy DF OF
1 Dan Boyle Marc Staal 60 1 2 2
2 Pernell Karl Subban Matt Irwin 40 1 2 2
Penalty Kill 4 Players Forward
Center Wing Time % Phy DF OF
1 Andrew Ladd Chuck Kobasew 60 1 2 2
2 Paul Stastny Maxim Talbot 40 1 2 2
Penalty Kill 4 Players Defense
Defense Defense Time % Phy DF OF
1 Jack Johnson Marc Staal 60 1 2 2
2 Pernell Karl Subban Johnny Boychuk 40 1 2 2
Penalty Kill - 3 Players Forward
Forward Time % Phy DF OF
1 Chuck Kobasew 60 1 2 2
2 Andrew Ladd 40 1 2 2
Penalty Kill - 3 Players Defense
Defense Defense Time % Phy DF OF
1 Marc Staal Jack Johnson 60 1 2 2
2 Pernell Karl Subban Johnny Boychuk 40 1 2 2
4 vs 4 Forward
Center Wing Time % Phy DF OF
1 Patric Hornqvist Mikkel Boedker 60 1 2 2
2 Bryan Little Andrei Kostitsyn 40 1 2 2
4 vs 4 Defense
Defense Defense Time % Phy DF OF
1 Marc Staal Pernell Karl Subban 60 1 2 2
2 Jack Johnson Johnny Boychuk 40 1 2 2
Last Minutes Offensive
Center Left Wing Right Wing Defense Defense
Bryan Little Mikkel Boedker Patric Hornqvist Marc Staal Jack Johnson
Last Minutes Defensive
Center Left Wing Right Wing Defense Defense
Bryan Little Andrew Ladd Chuck Kobasew Marc Staal Jack Johnson
Goaltenders
Starting : Roberto Luongo
Backup : Semyon Varlamov
Extra Forwards
Normal : Andrew Ladd, Alexander Radulov, Maxim Talbot - PP : Andrew Ladd, Alexander Radulov - PK : Damien Brunner
Extra Defensemen
Normal : Marc Staal, Dan Boyle, Pernell Karl Subban - PP : Matt Irwin - PK : Jack Johnson, Pernell Karl Subban
Penalty Shots
Mikkel Boedker, Patric Hornqvist, Paul Stastny, Bryan Little, Andrei Kostitsyn
Scratches
Mattias Ekholm (Healthy)
% Time on Ice - Penguins
Lines # - Real PCT - Wanted PCT - Time Play
Normal Forward
1 - 34% - 40% - 14:01
2 - 28% - 30% - 11:40
3 - 20% - 20% - 8:22
4 - 17% - 10% - 7:08
Normal Defense
1 - 40% - 44% - 16:25
2 - 34% - 33% - 13:53
3 - 26% - 23% - 10:53
4 - 0% - 0% - 0:00
PP Forward
1 - 55% - 60% - 2:50
2 - 45% - 40% - 2:18
PP Defense
1 - 52% - 60% - 2:39
2 - 48% - 40% - 2:29
PK Forward
1 - 70% - 60% - 9:33
2 - 30% - 40% - 4:08
PK Defense
1 - 64% - 60% - 8:43
2 - 36% - 40% - 4:58
PK3 Forward
1 - 0% - 60%
2 - 0% - 40%
PK3 Defense
1 - 0% - 60%
2 - 0% - 40%
44 Forward
1 - 0% - 60%
2 - 0% - 40%
44 Defense
1 - 0% - 60%
2 - 0% - 40%
Last Minute Offensive - 0:00
Last Minute Defensive - 0:00
Total
Forward - 60:00
Defense - 60:00
|
% Time on Ice - Avalanche
Lines # - Real PCT - Wanted PCT - Time Play
Normal Forward
1 - 31% - 35% - 12:39
2 - 28% - 30% - 11:37
3 - 22% - 20% - 9:14
4 - 19% - 15% - 7:41
Normal Defense
1 - 41% - 40% - 16:59
2 - 31% - 30% - 12:40
3 - 28% - 30% - 11:32
4 - 0% - 0% - 0:00
PP Forward
1 - 62% - 60% - 8:33
2 - 38% - 40% - 5:08
PP Defense
1 - 61% - 60% - 8:19
2 - 39% - 40% - 5:22
PK Forward
1 - 81% - 60% - 4:11
2 - 19% - 40% - 0:57
PK Defense
1 - 62% - 60% - 3:11
2 - 38% - 40% - 1:57
PK3 Forward
1 - 0% - 60%
2 - 0% - 40%
PK3 Defense
1 - 0% - 60%
2 - 0% - 40%
44 Forward
1 - 0% - 60%
2 - 0% - 40%
44 Defense
1 - 0% - 60%
2 - 0% - 40%
Last Minute Offensive - 0:00
Last Minute Defensive - 0:00
Total
Forward - 60:00
Defense - 60:00
|
Play-by-Play
1st period
0:01 of 1st period - Steven Stamkos wins face-off versus Bryan Little in neutral zone.
0:26 of 1st period - Loui Eriksson is hit by Jack Johnson and loses puck.
0:37 of 1st period - Slapshot by Paul Stastny.
0:37 of 1st period - Stopped by Jacob Markstrom with a rebound.
0:47 of 1st period - Slapshot by Dion Phaneuf.
0:47 of 1st period - Stopped by Roberto Luongo with a rebound.
0:55 of 1st period - Cal Clutterbuck is hit by Maxim Talbot and loses puck.
1:52 of 1st period - Paul Stastny is hit by Loui Eriksson and loses puck.
1:59 of 1st period - Sam Gagner is hit by Marc Staal and loses puck.
2:20 of 1st period - Slapshot by Marcus Foligno.
2:20 of 1st period - Stopped by Roberto Luongo with a rebound.
2:25 of 1st period - Icing by Marc Staal.
2:26 of 1st period - Maxim Talbot wins face-off versus Martin St. Louis in Avalanche zone.
2:35 of 1st period - Wrist shot by Steven Stamkos.
2:35 of 1st period - Shot Misses the Net.
2:37 of 1st period - Wrist shot by Martin St. Louis.
2:37 of 1st period - Stopped by Roberto Luongo without a rebound.
2:38 of 1st period - Steven Stamkos wins face-off versus Bryan Little in Avalanche zone.
2:51 of 1st period - Snap shot by Steven Stamkos.
2:51 of 1st period - Shot Blocked by Patric Hornqvist.
3:07 of 1st period - Eric Gryba is hit by Jack Johnson and loses puck.
3:14 of 1st period - Snap shot by Paul Stastny.
3:14 of 1st period - Shot Misses the Net.
3:36 of 1st period - Slapshot by Zach Boychuk.
3:36 of 1st period - Deflect By Keith Aulie.
3:36 of 1st period - Shot Blocked by Duncan Keith.
3:36 of 1st period - Puck is out of play.
3:37 of 1st period - Bryan Little wins face-off versus Steven Stamkos in Penguins zone.
3:38 of 1st period - Wrist shot by Mikkel Boedker.
3:38 of 1st period - Stopped by Jacob Markstrom without a rebound.
3:39 of 1st period - Steven Stamkos wins face-off versus Bryan Little in Penguins zone.
3:50 of 1st period - Slapshot by Steven Stamkos.
3:50 of 1st period - Deflect By Andrew Cogliano.
3:50 of 1st period - Shot Blocked by Patric Hornqvist.
3:50 of 1st period - Puck is out of play.
3:51 of 1st period - Paul Stastny wins face-off versus Steven Stamkos in Avalanche zone.
4:06 of 1st period - Wrist shot by Alexander Radulov.
4:06 of 1st period - Stopped by Jacob Markstrom without a rebound.
4:07 of 1st period - Bryan Little wins face-off versus Mika Zibanejad in Penguins zone.
4:34 of 1st period - Snap shot by Martin St. Louis.
4:34 of 1st period - Shot Blocked by Mikkel Boedker.
4:36 of 1st period - Snap shot by Andrew Cogliano.
4:36 of 1st period - Shot Misses the Net.
4:38 of 1st period - Wrist shot by Martin St. Louis.
4:38 of 1st period - Goal by Martin St. Louis - Penguins : 1 - Avalanche : 0.
4:39 of 1st period - Sam Gagner wins face-off versus Kyle Turris in neutral zone.
4:53 of 1st period - Minor Penalty to Keith Aulie for Hooking.
4:54 of 1st period - Bryan Little wins face-off versus Steven Stamkos in Penguins zone.
5:20 of 1st period - Sean Zimmerman is hit by Dan Boyle and loses puck.
5:51 of 1st period - Pernell Karl Subban is hit by Eric Gryba and loses puck.
6:53 of 1st period - Penalty to Keith Aulie is over, Keith Aulie is back on ice.
7:14 of 1st period - Eric Gryba is hit by Damien Brunner.
8:03 of 1st period - Pernell Karl Subban is hit by Dustin Brown and loses puck.
8:22 of 1st period - Paul Stastny is hit by Marcus Foligno and loses puck.
9:01 of 1st period - Damien Brunner is hit by Steven Stamkos and loses puck.
9:27 of 1st period - Icing by Johnny Boychuk.
9:28 of 1st period - Sam Gagner wins face-off versus Paul Stastny in Avalanche zone.
9:37 of 1st period - Wrist shot by Sam Gagner.
9:37 of 1st period - Shot Misses the Net.
9:39 of 1st period - Slapshot by Duncan Keith.
9:39 of 1st period - Shot Blocked by Johnny Boychuk.
9:41 of 1st period - Wrist shot by Loui Eriksson.
9:41 of 1st period - Shot Blocked by Andrei Kostitsyn.
9:52 of 1st period - Icing by Paul Ranger.
9:53 of 1st period - Steven Stamkos wins face-off versus Bryan Little in Penguins zone.
10:26 of 1st period - Wrist shot by Andrei Kostitsyn.
10:26 of 1st period - Stopped by Jacob Markstrom without a rebound.
10:27 of 1st period - Paul Stastny wins face-off versus Sam Gagner in Penguins zone.
10:49 of 1st period - Pernell Karl Subban is hit by Dion Phaneuf and loses puck.
11:47 of 1st period - Off-side.
11:48 of 1st period - Steven Stamkos wins face-off versus Bryan Little in neutral zone.
11:55 of 1st period - Slapshot by Andrew Cogliano.
11:55 of 1st period - Stopped by Roberto Luongo with a rebound.
11:57 of 1st period - Snap shot by Dion Phaneuf.
11:57 of 1st period - Shot Misses the Net.
11:59 of 1st period - Slapshot by Martin St. Louis.
11:59 of 1st period - Goal by Martin St. Louis - Penguins : 2 - Avalanche : 0.
12:00 of 1st period - Bryan Little wins face-off versus Steven Stamkos in neutral zone.
12:09 of 1st period - Snap shot by Mikkel Boedker.
12:09 of 1st period - Shot Blocked by Sean Zimmerman.
12:11 of 1st period - Wrist shot by Bryan Little.
12:11 of 1st period - Stopped by Jacob Markstrom with a rebound.
12:13 of 1st period - Snap shot by Mikkel Boedker.
12:13 of 1st period - Shot Misses the Net.
12:17 of 1st period - Wrist shot by Mikkel Boedker.
12:17 of 1st period - Stopped by Jacob Markstrom with a rebound.
12:27 of 1st period - Dion Phaneuf is hit by Maxim Talbot and loses puck.
12:36 of 1st period - Jack Johnson is hit by Martin St. Louis and loses puck.
12:51 of 1st period - Snap shot by Sam Gagner.
12:51 of 1st period - Shot Misses the Net.
12:57 of 1st period - Slapshot by Sam Gagner.
12:57 of 1st period - Stopped by Roberto Luongo without a rebound.
12:58 of 1st period - Bryan Little wins face-off versus Mika Zibanejad in Avalanche zone.
13:27 of 1st period - Snap shot by Dustin Brown.
13:27 of 1st period - Stopped by Roberto Luongo without a rebound.
13:28 of 1st period - Sam Gagner wins face-off versus Paul Stastny in Avalanche zone.
13:41 of 1st period - Wrist shot by Dustin Brown.
13:41 of 1st period - Stopped by Roberto Luongo without a rebound.
13:42 of 1st period - Bryan Little wins face-off versus Martin St. Louis in Avalanche zone.
14:13 of 1st period - Slapshot by Keith Aulie.
14:13 of 1st period - Shot Misses the Net.
14:17 of 1st period - Snap shot by Cal Clutterbuck.
14:17 of 1st period - Stopped by Roberto Luongo without a rebound.
14:18 of 1st period - Maxim Talbot wins face-off versus Steven Stamkos in Avalanche zone.
14:23 of 1st period - Wrist shot by Andrew Cogliano.
14:23 of 1st period - Shot Misses the Net.
15:54 of 1st period - Slapshot by Sam Gagner.
15:54 of 1st period - Shot Misses the Net.
16:08 of 1st period - Snap shot by Zach Boychuk.
16:08 of 1st period - Stopped by Jacob Markstrom with a rebound.
16:10 of 1st period - Slapshot by Jack Johnson.
16:10 of 1st period - Stopped by Jacob Markstrom without a rebound.
16:10 of 1st period - Minor Penalty to Jacob Markstrom for Slashing.
16:11 of 1st period - Steven Stamkos wins face-off versus Mikkel Boedker in Penguins zone.
16:22 of 1st period - Snap shot by Mikkel Boedker.
16:22 of 1st period - Stopped by Jacob Markstrom without a rebound.
16:23 of 1st period - Steven Stamkos wins face-off versus Bryan Little in Penguins zone.
18:05 of 1st period - Icing by Patric Hornqvist.
18:06 of 1st period - Riley Sheahan wins face-off versus Bryan Little in Avalanche zone.
18:10 of 1st period - Penalty to Eric Gryba is over, Eric Gryba is back on ice.
18:11 of 1st period - Backhand shot by Dustin Brown.
18:11 of 1st period - Shot Blocked by Bryan Little.
18:31 of 1st period - Slapshot by Marc Staal.
18:31 of 1st period - Shot Misses the Net.
18:40 of 1st period - Icing by Marc Staal.
18:41 of 1st period - Paul Stastny wins face-off versus Sam Gagner in Avalanche zone.
18:45 of 1st period - Minor Penalty to Sam Gagner for Tripping.
18:46 of 1st period - Steven Stamkos wins face-off versus Bryan Little in Penguins zone.
19:12 of 1st period - Dion Phaneuf is hit by Andrei Kostitsyn and loses puck.
19:17 of 1st period - Slapshot by Paul Stastny.
19:17 of 1st period - Shot Blocked by Dion Phaneuf.
19:19 of 1st period - Wrist shot by Alexander Radulov.
19:19 of 1st period - Shot Misses the Net.
19:23 of 1st period - Snap shot by Andrei Kostitsyn.
19:23 of 1st period - Stopped by Jacob Markstrom with a rebound.
19:33 of 1st period - Slapshot by Dion Phaneuf.
19:33 of 1st period - Shot Misses the Net.
19:53 of 1st period - Andrei Kostitsyn is hit by Sean Zimmerman and loses puck.
Goals for this period are 2 for Penguins vs 0 for Avalanche.
Shots for this period are 10 for Penguins vs 10 for Avalanche.
2nd period
0:01 of 2nd period - Steven Stamkos wins face-off versus Bryan Little in neutral zone.
0:06 of 2nd period - Wrist shot by Cal Clutterbuck.
0:06 of 2nd period - Stopped by Roberto Luongo without a rebound.
0:07 of 2nd period - Bryan Little wins face-off versus Steven Stamkos in Avalanche zone.
0:32 of 2nd period - Wrist shot by Patric Hornqvist.
0:32 of 2nd period - Shot Misses the Net.
0:34 of 2nd period - Wrist shot by Patric Hornqvist.
0:34 of 2nd period - Stopped by Jacob Markstrom with a rebound.
0:36 of 2nd period - Snap shot by Bryan Little.
0:36 of 2nd period - Shot Blocked by Sean Zimmerman.
0:38 of 2nd period - Slapshot by Bryan Little.
0:38 of 2nd period - Shot Misses the Net.
0:45 of 2nd period - Penalty to Sam Gagner is over, Sam Gagner is back on ice.
1:18 of 2nd period - Wrist shot by Patric Hornqvist.
1:18 of 2nd period - Stopped by Jacob Markstrom with a rebound.
1:20 of 2nd period - Slapshot by Bryan Little.
1:20 of 2nd period - Shot Misses the Net.
1:24 of 2nd period - Wrist shot by Mikkel Boedker.
1:24 of 2nd period - Stopped by Jacob Markstrom with a rebound.
1:26 of 2nd period - Wrist shot by Bryan Little.
1:26 of 2nd period - Stopped by Jacob Markstrom without a rebound.
1:27 of 2nd period - Alexander Radulov wins face-off versus Riley Sheahan in Penguins zone.
1:34 of 2nd period - Wrist shot by Paul Stastny.
1:34 of 2nd period - Shot Hit the Post.
1:52 of 2nd period - Dustin Brown is hit by Chuck Kobasew and loses puck.
2:29 of 2nd period - Maxim Talbot is hit by Loui Eriksson and loses puck.
3:15 of 2nd period - Snap shot by Andrew Ladd.
3:15 of 2nd period - Stopped by Jacob Markstrom with a rebound.
3:21 of 2nd period - Marc Staal is hit by Cal Clutterbuck.
3:31 of 2nd period - Slapshot by Duncan Keith.
3:31 of 2nd period - Stopped by Roberto Luongo without a rebound.
3:32 of 2nd period - Kyle Turris wins face-off versus Riley Sheahan in Avalanche zone.
4:07 of 2nd period - Wrist shot by Riley Sheahan.
4:07 of 2nd period - Stopped by Roberto Luongo without a rebound.
4:08 of 2nd period - Bryan Little wins face-off versus Steven Stamkos in Avalanche zone.
4:08 of 2nd period - Bryan Little is hit by Andrew Cogliano.
4:13 of 2nd period - Marc Staal is hit by Martin St. Louis and loses puck.
4:16 of 2nd period - Minor Penalty to Duncan Keith for Tripping.
4:17 of 2nd period - Bryan Little wins face-off versus Steven Stamkos in Penguins zone.
5:09 of 2nd period - Cal Clutterbuck is hit by Bryan Little and loses puck.
5:20 of 2nd period - Slapshot by Riley Sheahan.
5:20 of 2nd period - Shot Misses the Net.
6:16 of 2nd period - Penalty to Duncan Keith is over, Duncan Keith is back on ice.
6:16 of 2nd period - Slapshot by Dion Phaneuf.
6:16 of 2nd period - Deflect By Matt Irwin.
6:16 of 2nd period - Stopped by Roberto Luongo with a rebound.
7:30 of 2nd period - Johnny Boychuk is hit by Riley Sheahan and loses puck.
8:01 of 2nd period - Snap shot by Dustin Brown.
8:01 of 2nd period - Stopped by Roberto Luongo with a rebound.
8:11 of 2nd period - Cal Clutterbuck is hit by Damien Brunner and loses puck.
8:16 of 2nd period - Snap shot by Damien Brunner.
8:16 of 2nd period - Stopped by Jacob Markstrom with a rebound.
8:18 of 2nd period - Slapshot by Marc Staal.
8:18 of 2nd period - Deflect By Damien Brunner.
8:18 of 2nd period - Stopped by Jacob Markstrom with a rebound.
8:49 of 2nd period - Steven Stamkos is hit by Dan Boyle and loses puck.
9:14 of 2nd period - Icing by Jack Johnson.
9:15 of 2nd period - Kyle Turris wins face-off versus Sam Gagner in Avalanche zone.
9:25 of 2nd period - Snap shot by Zach Boychuk.
9:25 of 2nd period - Shot Blocked by Sam Gagner.
9:44 of 2nd period - Bryan Little is hit by Cal Clutterbuck and loses puck.
10:45 of 2nd period - Wrist shot by Andrew Ladd.
10:45 of 2nd period - Stopped by Jacob Markstrom without a rebound.
10:46 of 2nd period - Maxim Talbot wins face-off versus Sam Gagner in Penguins zone.
11:15 of 2nd period - Wrist shot by Marcus Foligno.
11:15 of 2nd period - Shot Blocked by Andrew Ladd.
11:25 of 2nd period - Snap shot by Mika Zibanejad.
11:25 of 2nd period - Stopped by Roberto Luongo with a rebound.
11:52 of 2nd period - Minor Penalty to Keith Aulie for Hooking.
11:53 of 2nd period - Steven Stamkos wins face-off versus Bryan Little in Penguins zone.
12:08 of 2nd period - Snap shot by Steven Stamkos.
12:08 of 2nd period - Deflect By Cal Clutterbuck.
12:08 of 2nd period - Shot Misses the Net.
12:08 of 2nd period - Puck is out of play.
12:09 of 2nd period - Steven Stamkos wins face-off versus Bryan Little in Avalanche zone.
12:10 of 2nd period - Snap shot by Cal Clutterbuck.
12:10 of 2nd period - Shot Misses the Net.
12:12 of 2nd period - Slapshot by Steven Stamkos.
12:12 of 2nd period - Shot Misses the Net.
12:14 of 2nd period - Wrist shot by Steven Stamkos.
12:14 of 2nd period - Shot Blocked by Mikkel Boedker.
12:16 of 2nd period - Slapshot by Sean Zimmerman.
12:16 of 2nd period - Deflect By Steven Stamkos.
12:16 of 2nd period - Deflect By Bryan Little.
12:16 of 2nd period - Shot Misses the Net.
12:16 of 2nd period - Puck is out of play.
12:17 of 2nd period - Steven Stamkos wins face-off versus Patric Hornqvist in Avalanche zone.
12:32 of 2nd period - Snap shot by Steven Stamkos.
12:32 of 2nd period - Shot Misses the Net.
12:51 of 2nd period - Snap shot by Bryan Little.
12:51 of 2nd period - Stopped by Jacob Markstrom without a rebound.
12:52 of 2nd period - Paul Stastny wins face-off versus Steven Stamkos in Penguins zone.
13:41 of 2nd period - Slapshot by Dan Boyle.
13:41 of 2nd period - Stopped by Jacob Markstrom without a rebound.
13:42 of 2nd period - Paul Stastny wins face-off versus Riley Sheahan in Penguins zone.
13:43 of 2nd period - Snap shot by Andrei Kostitsyn.
13:43 of 2nd period - Stopped by Jacob Markstrom with a rebound.
13:52 of 2nd period - Penalty to Keith Aulie is over, Keith Aulie is back on ice.
14:07 of 2nd period - Wrist shot by Steven Stamkos.
14:07 of 2nd period - Stopped by Roberto Luongo without a rebound.
14:08 of 2nd period - Sam Gagner wins face-off versus Maxim Talbot in Avalanche zone.
14:17 of 2nd period - Slapshot by Johnny Boychuk.
14:17 of 2nd period - Stopped by Jacob Markstrom with a rebound.
14:19 of 2nd period - Wrist shot by Chuck Kobasew.
14:19 of 2nd period - Stopped by Jacob Markstrom with a rebound.
14:21 of 2nd period - Wrist shot by Maxim Talbot.
14:21 of 2nd period - Shot Blocked by Sam Gagner.
14:23 of 2nd period - Snap shot by Maxim Talbot.
14:23 of 2nd period - Deflect By Andrew Ladd.
14:23 of 2nd period - Shot Misses the Net.
14:23 of 2nd period - Puck is out of play.
14:24 of 2nd period - Bryan Little wins face-off versus Steven Stamkos in Penguins zone.
14:40 of 2nd period - Slapshot by Steven Stamkos.
14:40 of 2nd period - Deflect By Andrew Cogliano.
14:40 of 2nd period - Shot Misses the Net.
14:40 of 2nd period - Puck is out of play.
14:41 of 2nd period - Sam Gagner wins face-off versus Paul Stastny in Avalanche zone.
15:08 of 2nd period - Mikkel Boedker is hit by Andrew Cogliano and loses puck.
15:17 of 2nd period - Wrist shot by Bryan Little.
15:17 of 2nd period - Shot Blocked by Duncan Keith.
15:37 of 2nd period - Snap shot by Chuck Kobasew.
15:37 of 2nd period - Stopped by Jacob Markstrom with a rebound.
15:39 of 2nd period - Slapshot by Matt Irwin.
15:39 of 2nd period - Shot Blocked by Duncan Keith.
15:51 of 2nd period - Slapshot by Alexander Radulov.
15:51 of 2nd period - Shot Misses the Net.
16:05 of 2nd period - Icing by D.J King.
16:06 of 2nd period - Kyle Turris wins face-off versus Sam Gagner in Penguins zone.
16:44 of 2nd period - Wrist shot by Steven Stamkos.
16:44 of 2nd period - Stopped by Roberto Luongo with a rebound.
17:23 of 2nd period - Wrist shot by D.J King.
17:23 of 2nd period - Stopped by Roberto Luongo without a rebound.
17:24 of 2nd period - Riley Sheahan wins face-off versus Bryan Little in Avalanche zone.
17:31 of 2nd period - Wrist shot by Mikkel Boedker.
17:31 of 2nd period - Stopped by Jacob Markstrom with a rebound.
17:33 of 2nd period - Snap shot by Patric Hornqvist.
17:33 of 2nd period - Goal by Patric Hornqvist - Penguins : 2 - Avalanche : 1.
17:34 of 2nd period - Steven Stamkos wins face-off versus Bryan Little in neutral zone.
18:22 of 2nd period - Snap shot by Chuck Kobasew.
18:22 of 2nd period - Shot Blocked by Marcus Foligno.
18:26 of 2nd period - Snap shot by Maxim Talbot.
18:26 of 2nd period - Shot Misses the Net.
18:28 of 2nd period - Snap shot by Maxim Talbot.
18:28 of 2nd period - Deflect By Chuck Kobasew.
18:28 of 2nd period - Stopped by Jacob Markstrom with a rebound.
18:30 of 2nd period - Snap shot by Chuck Kobasew.
18:30 of 2nd period - Shot Misses the Net.
18:32 of 2nd period - Snap shot by Andrew Ladd.
18:32 of 2nd period - Stopped by Jacob Markstrom with a rebound.
18:42 of 2nd period - Dan Boyle is hit by Pascal Dupuis and loses puck.
19:07 of 2nd period - Bryan Little is hit by Steven Stamkos and loses puck.
19:34 of 2nd period - Snap shot by Sam Gagner.
19:34 of 2nd period - Stopped by Roberto Luongo with a rebound.
Goals for this period are 0 for Penguins vs 1 for Avalanche.
Shots for this period are 10 for Penguins vs 18 for Avalanche.
3rd period
0:01 of 3rd period - Steven Stamkos wins face-off versus Bryan Little in neutral zone.
0:37 of 3rd period - Slapshot by Loui Eriksson.
0:37 of 3rd period - Stopped by Roberto Luongo with a rebound.
0:47 of 3rd period - Jack Johnson is hit by Riley Sheahan and loses puck.
1:55 of 3rd period - Slapshot by Pernell Karl Subban.
1:55 of 3rd period - Stopped by Jacob Markstrom with a rebound.
2:19 of 3rd period - Wrist shot by D.J King.
2:19 of 3rd period - Stopped by Roberto Luongo without a rebound.
2:20 of 3rd period - Steven Stamkos wins face-off versus Bryan Little in Avalanche zone.
2:21 of 3rd period - Slapshot by Andrew Cogliano.
2:21 of 3rd period - Shot Misses the Net.
2:37 of 3rd period - Snap shot by Patric Hornqvist.
2:37 of 3rd period - Deflect By Mikkel Boedker.
2:37 of 3rd period - Stopped by Jacob Markstrom without a rebound.
2:38 of 3rd period - Sam Gagner wins face-off versus Paul Stastny in Penguins zone.
3:09 of 3rd period - Steven Stamkos is hit by Dan Boyle.
3:49 of 3rd period - Pascal Dupuis is hit by Andrei Kostitsyn and loses puck.
4:12 of 3rd period - Eric Gryba is hit by Dan Boyle and loses puck.
4:19 of 3rd period - Wrist shot by Loui Eriksson.
4:19 of 3rd period - Shot Misses the Net.
5:13 of 3rd period - D.J King is hit by Pernell Karl Subban and loses puck.
6:35 of 3rd period - Kyle Turris is hit by Sam Gagner and loses puck.
6:56 of 3rd period - Keith Aulie is hit by Dan Boyle and loses puck.
7:01 of 3rd period - Wrist shot by Maxim Talbot.
7:01 of 3rd period - Stopped by Jacob Markstrom without a rebound.
7:02 of 3rd period - Sam Gagner wins face-off versus Bryan Little in Penguins zone.
7:52 of 3rd period - Off-side.
7:53 of 3rd period - Sam Gagner wins face-off versus Bryan Little in neutral zone.
8:42 of 3rd period - Double Minor Penalty to Paul Stastny for Slashing.
8:43 of 3rd period - Andrew Ladd wins face-off versus Steven Stamkos in Avalanche zone.
12:23 of 3rd period - Andrew Cogliano is hit by Chuck Kobasew and loses puck.
12:42 of 3rd period - Penalty to Paul Stastny is over, Paul Stastny is back on ice.
13:54 of 3rd period - Wrist shot by Zach Boychuk.
13:54 of 3rd period - Stopped by Jacob Markstrom with a rebound.
14:33 of 3rd period - Minor Penalty to Andrew Ladd for Hooking.
14:34 of 3rd period - Sam Gagner wins face-off versus Damien Brunner in Avalanche zone.
14:45 of 3rd period - Snap shot by Sam Gagner.
14:45 of 3rd period - Shot Misses the Net.
15:01 of 3rd period - Chuck Kobasew is hit by Steven Stamkos and loses puck.
15:28 of 3rd period - Off-side.
15:29 of 3rd period - Damien Brunner wins face-off versus Sam Gagner in neutral zone.
15:40 of 3rd period - Snap shot by Dustin Brown.
15:40 of 3rd period - Shot Misses the Net.
15:42 of 3rd period - Slapshot by Keith Aulie.
15:42 of 3rd period - Deflect By Sam Gagner.
15:42 of 3rd period - Goal by Sam Gagner - Penguins : 3 - Avalanche : 1.
15:43 of 3rd period - Bryan Little wins face-off versus Mika Zibanejad in neutral zone.
15:56 of 3rd period - Wrist shot by Bryan Little.
15:56 of 3rd period - Stopped by Jacob Markstrom without a rebound.
15:57 of 3rd period - Maxim Talbot wins face-off versus Steven Stamkos in Penguins zone.
16:00 of 3rd period - Wrist shot by Andrew Ladd.
16:00 of 3rd period - Stopped by Jacob Markstrom with a rebound.
16:13 of 3rd period - Double Minor Penalty to Sean Zimmerman for High sticking.
16:14 of 3rd period - Steven Stamkos wins face-off versus Bryan Little in Penguins zone.
16:21 of 3rd period - Backhand shot by Dan Boyle.
16:21 of 3rd period - Stopped by Jacob Markstrom without a rebound.
16:22 of 3rd period - Cal Clutterbuck wins face-off versus Bryan Little in Penguins zone.
16:49 of 3rd period - Steven Stamkos is hit by Dan Boyle and loses puck.
17:14 of 3rd period - Wrist shot by Mikkel Boedker.
17:14 of 3rd period - Deflect By Steven Stamkos.
17:14 of 3rd period - Shot Misses the Net.
17:14 of 3rd period - Puck is out of play.
17:15 of 3rd period - Riley Sheahan wins face-off versus Paul Stastny in Penguins zone.
17:21 of 3rd period - Icing by Paul Stastny.
17:22 of 3rd period - Paul Stastny wins face-off versus Riley Sheahan in Avalanche zone.
17:33 of 3rd period - Snap shot by Alexander Radulov.
17:33 of 3rd period - Shot Blocked by Duncan Keith.
17:35 of 3rd period - Wrist shot by Paul Stastny.
17:35 of 3rd period - Shot Blocked by Dustin Brown.
17:43 of 3rd period - Snap shot by Paul Stastny.
17:43 of 3rd period - Shot Misses the Net.
17:47 of 3rd period - Snap shot by Paul Stastny.
17:47 of 3rd period - Shot Misses the Net.
17:49 of 3rd period - Slapshot by Matt Irwin.
17:49 of 3rd period - Shot Hit the Post.
19:19 of 3rd period - Duncan Keith is hit by Andrew Ladd and loses puck.
Goals for this period are 1 for Penguins vs 0 for Avalanche.
Shots for this period are 3 for Penguins vs 7 for Avalanche.
Back to the Top